 Dungeon Sprint DCSS version 0.28-a0-1435-g82390b3a13 (webtiles) character file.

Game seed: 1711910875884545933

2609 mhtbhm the Cleaver (level 9, -5/139 HPs)
             Began as a Pale Draconian Berserker on Jan 9, 2022.
             Was the Champion of Trog.
             Slain by a ghost moth (11 damage)
             ... in the Dungeon (Sprint VII: "The Pits").
             The game lasted 00:03:34 (2128 turns).

mhtbhm the Cleaver (Pale Draconian Berserker)       Turns: 2128, Time: 00:03:34

Health: -5/139     AC: 10    Str: 26 (27) XL:     9   Next: 34%
Magic:  0/9        EV: 15    Int:  8      God:    Trog [******]
Gold:   0          SH:  0    Dex:  9 (10) Spells: 8/8 levels left

rFire   . . .      SeeInvis .   a - +1 broad axe (freeze)
rCold   . . .      Faith    .   (no shield)
rNeg    . . .      Spirit   .   (armour unavailable)
rPois   .          Reflect  .   (helmet restricted)
rElec   .          Harm     .   (no cloak)
rCorr   .          Rampage  .   (no gloves)
Will    .....      NoTele   +   (no boots)
Stlth   ..........              (no amulet)
HPRegen 0.33/turn               k - +3 ring of protection
MPRegen 0.11/turn               j - +3 ring of strength

@: berserking, very quick
A: breathe steam, AC +7, unfitting armour, cold-blooded, steam resistance
a: Breathe Steam, Renounce Religion, Berserk, Trog's Hand, Brothers in Arms


You were in the Dungeon.
You worshipped Trog.
Trog was exalted by your worship.
You visited 1 branch

Inventory:

Hand Weapons
 a - a +1 broad axe of freezing (weapon)
Jewellery
 j - a +3 ring of strength (right hand)
 k - a +3 ring of protection (left hand)
Scrolls
 g - a scroll of blinking
 i - a scroll of summoning
Potions
 b - 9 potions of curing
 c - 10 potions of heal wounds
 d - 2 potions of haste
 e - 4 potions of magic
 f - 3 potions of berserk rage
 h - 2 potions of invisibility
 l - 2 potions of resistance


   Skills:
 + Level 13.2 Fighting
 + Level 14.4 Axes
 + Level 10.2 Dodging
 + Level 4.2 Stealth


You had 8 spell levels left.
You didn't know any spells.
Your spell library was empty.

Dungeon Overview and Level Annotations

Branches:
Dungeon (1/1)

Altars:
Gozag
Hepliaklqana
Sif Muna
Trog
Jiyva


Innate Abilities, Weirdness & Mutations

You can breathe blasts of scalding, opaque steam.
Your pale cyan-grey scales are hard. (AC +7)
You cannot fit into any form of body armour.
You are cold-blooded and may be slowed by cold attacks.
You are immune to the effects of steam.


Message History

You slash the efreet! You freeze the efreet.
The efreet is severely wounded.
You closely miss something.
The efreet hits you with a +2 scimitar of flaming!
The efreet burns you.
You feel you are being watched by something.
Something hits you!
* * * LOW HITPOINT WARNING * * *
You feel clumsy. Something hits you.
* * * LOW HITPOINT WARNING * * *
Something stings you.
* * * LOW HITPOINT WARNING * * *
You feel weakened.
The two-headed ogre is engulfed in a cloud of scalding steam.
You slice the efreet!! You freeze the efreet.
You kill the efreet!
Trog accepts your kill.
You slash something! You slash the two-headed ogre!
You freeze the two-headed ogre.
You feel your intelligence returning.
You feel your dexterity returning.
Unknown command.
You feel you are being watched by something.
The two-headed ogre is engulfed in a cloud of scalding steam.
The two-headed ogre hits you with a +0 giant club!
* * * LOW HITPOINT WARNING * * *
The two-headed ogre misses you.
You see here a +2 scimitar of flaming.
You slice something!! You freeze something.
Your tail-slap misses something.
You completely miss the ball python. You slash the two-headed ogre!
You freeze the two-headed ogre.
You kill the two-headed ogre!
Trog accepts your kill.
You feel you are being watched by something.
Something hits you.
* * * LOW HITPOINT WARNING * * *
Something hits you!
* * * LOW HITPOINT WARNING * * *
Something stings you!
You die...

##................##...).......
#####'#####''##################
##.......##''# ##.......##.)#
##.......##..# +#
##...<...##).# #.##
##.......##))# #...##
##.......##..####.....#
##.......##...##@S3...#
###########....'{§§...+
###########...##...§..#
....#..[[##..####§§...#
)...#..[[##..# #§..##
....'..))##..# #.##
....#..))##..# +#
....#..))##..# ##############


You could see a smoke demon and a ball python.

Vanquished Creatures
  A two-headed ogre (D)
  2 shadow wraiths (D)
  A komodo dragon (D)
  An efreet (D)
  2 floating eyes (D)
  A water moccasin (D)
  An orc warrior (D)
  An ice beast (D)
  2 centaurs (D)
  A jelly (D)
  2 gnoll shamans (D)
  An orc priest (D)
  An iguana (D)
  2 orc wizards (D)
  A hell rat (D)
  A mummy (D)
  11 gnolls (D)
  An adder (D)
  A river rat (D)
  An ufetubus (D)
  An orc (D)
  A ball python (D)
  A kobold (D)
  2 rats (D)
40 creatures vanquished.

Notes
Turn   | Place    | Note
-------+----------+-------------------------------------------
     0 | D        | mhtbhm the Draconian Berserker began the quest for the Orb.
     0 | D        | Reached XP level 1. HP: 19/19 MP: 1/1
    22 | D        | Reached XP level 2. HP: 7/27 MP: 2/2
   271 | D        | Reached ** piety under Trog
   272 | D        | Reached skill level 4 in Axes
   278 | D        | Reached skill level 5 in Fighting
   278 | D        | Reached XP level 3. HP: 20/36 MP: 3/3
   408 | D        | Noticed a floating eye
   409 | D        | Noticed an orc warrior
   414 | D        | Killed a floating eye
   415 | D        | Reached skill level 6 in Axes
   415 | D        | Reached skill level 5 in Dodging
   415 | D        | Reached XP level 4. HP: 47/47 MP: 4/4
   421 | D        | Killed an orc warrior
   421 | D        | Reached *** piety under Trog
   422 | D        | Reached skill level 8 in Axes
   422 | D        | Reached XP level 5. HP: 32/56 MP: 5/5
   423 | D        | Reached XP level 6. HP: 34/62 MP: 6/6
   423 | D        | Reached **** piety under Trog
   891 | D        | Found a bloodstained altar of Trog.
   891 | D        | Found a shimmering blue altar of Sif Muna.
   891 | D        | Found a viscous altar of Jiyva.
   891 | D        | Found a hazy altar of Hepliaklqana.
   891 | D        | Found an opulent altar of Gozag.
   913 | D        | Noticed an ice beast
   914 | D        | Noticed a water moccasin
   919 | D        | Killed an ice beast
   920 | D        | Reached skill level 9 in Axes
   920 | D        | Killed a water moccasin
   920 | D        | Reached ***** piety under Trog
   921 | D        | Reached skill level 10 in Fighting
   921 | D        | Your scales start taking on a pale cyan-grey colour.
   921 | D        | Reached XP level 7. HP: 72/72 MP: 7/7
   921 | D        | Gained mutation: You are immune to the effects of steam.
                  | [Pale Draconian growth]
   922 | D        | Reached skill level 1 in Stealth
   926 | D        | Reached skill level 10 in Axes
  1081 | D        | Paralysed by a floating eye for 2 turns
  1084 | D        | Received a gift from Trog
  1261 | D        | Reached skill level 11 in Axes
  1326 | D        | Killed a shadow wraith
  1327 | D        | Reached skill level 12 in Axes
  1327 | D        | Reached XP level 8. HP: 63/83 MP: 8/8
  1566 | D        | Noticed a komodo dragon
  1574 | D        | Killed a komodo dragon
  1574 | D        | Received a gift from Trog
  1575 | D        | Reached skill level 13 in Axes
  1789 | D        | Reached ****** piety under Trog
  1790 | D        | Killed a shadow wraith
  1791 | D        | Reached skill level 14 in Axes
  1791 | D        | Reached skill level 10 in Dodging
  1791 | D        | Reached XP level 9. HP: 11/93 MP: 9/9
  2119 | D        | Noticed an efreet
  2119 | D        | Noticed a two-headed ogre
  2119 | D        | Noticed a smoke demon
  2126 | D        | Killed an efreet
  2128 | D        | Killed a two-headed ogre
  2128 | D        | HP: 6/139 [something (8)]
  2128 | D        | Slain by a ghost moth

Illustrated notes

Levels and vault maps discovered:
D:        pitsprint [storerooms_1, entrance_room_1, metal_vault_3, armoury_1,
          mini_pit_1, grid_room_1, main_hall_1, silver_pit, the_coven_3,
          the_vestibule_1, steel_vault_4, golden_pit, hallway_of_sentries,
          crystal_vault_1, iron_vault_2, final_vault]

Skill      XL: |  1  2  3  4  5  6  7  8 |
---------------+-------------------------+-----
Fighting       | 4 5 7 8 10 11 13 | 13.2
Dodging        | 3 4 5 6 7 9 10 | 10.2
Axes           | 4 6 8 9 12 14 | 14.4
Stealth        | 3 4 |  4.2

Action                   |  1- 3 |  4- 6 |  7- 9 || total
-------------------------+-------+-------+-------++-------
Melee: Hand axe          |    24 |    26 |    10 ||    60
       Tailslap          |     1 |     5 |     3 ||     9
       War axe           |       |       |    20 ||    20
       Broad axe         |       |       |    20 ||    20
Invok: Berserk           |     2 |     2 |     3 ||     7
 Abil: Breathe Steam     |       |       |     2 ||     2
 Stab: Sleeping          |       |       |     1 ||     1
Armor: Skin              |     4 |     2 |    20 ||    26
Dodge: Dodged            |    14 |    19 |    35 ||    68

Table legend: (Time is in decaauts)
 A = Elapsed time spent in this place.
 B = Non-inter-level travel time spent in this place.
 C = Inter-level travel time spent in this place.
 D = Time resting spent in this place.
 E = Time spent auto-exploring this place.
 F = Levels seen in this place.
 G = Mean time per level.
                   A        B        C        D        E       F      G
               +--------+--------+--------+--------+--------+-----+--------+
         Total |   2233 |   2233 |      0 |   1802 |     22 |   1 | 2233.0 |
       Dungeon |   2233 |   2233 |      0 |   1802 |     22 |   1 | 2233.0 |
               +--------+--------+--------+--------+--------+-----+--------+

Top non-repeatable levels by time:
       D: 2233 daAuts
